 Dungeon Crawl Stone Soup version 0.31.0-32-g396128a36d (webtiles) character file.

Game seed: 4745070600667015787

484 Peloso the Covered (level 6, -1/55 HPs)
             Began as a Minotaur Fighter on Mar 22, 2024.
             Slain by a black bear (3 damage)
             ... on level 5 of the Dungeon.
             The game lasted 00:06:07 (3309 turns).

Peloso the Covered (Minotaur Fighter)               Turns: 3309, Time: 00:06:08

Health: -1/55      AC: 11    Str: 21    XL:     6   Next: 88%
Magic:  0/5        EV:  8    Int:  5    God:
Gold:   263        SH:  5    Dex: 11    Spells: 5/5 levels left

rFire   + . .        a - +1 long sword
rCold   + . .        d - +0 buckler
rNeg    + . .        c - +1 chain mail
rPois   +            (helmet restricted)
rElec   +            (no cloak)
rCorr   +            (no gloves)
SInv    .            (no boots)
Will    +....        m - amulet of guardian spirit Stlth
                     n - ring of positive energy
HPRegen 0.29/turn    l - ring of poison resistance
MPRegen 0.09/turn

%: guardian spirit
@: on fire, resistant, enlightened, flying, glowing
A: horns 2, retaliatory headbutt
a: no special abilities


You were on level 5 of the Dungeon.
You visited 1 branch of the dungeon, and saw 5 of its levels.

You collected 263 gold pieces.

Inventory:

Hand Weapons
 a - a +1 long sword (weapon)
 b - a +2 whip of flaming
Armour
 c - a +1 chain mail (worn)
 d - a +0 buckler (worn)
Jewellery
 i - a ring of willpower
 l - a ring of poison resistance (right hand)
 m - an amulet of guardian spirit (around neck)
 n - a ring of positive energy (left hand)
Scrolls
 f - a scroll of enchant weapon
 j - 4 scrolls of identify
 o - a scroll of teleportation {unknown}
Potions
 e - a potion of curing
 g - a potion of resistance
 h - a potion of might
 k - a potion of enlightenment


   Skills:
 + Level 4.9 Fighting
 + Level 5.2 Long Blades
 + Level 6.5 Armour
 + Level 1.3 Dodging
 + Level 4.5 Shields


You had 5 spell levels left.
You didn't know any spells.
Your spell library contained the following spells:

 Spells                   Type           Power      Damage    Failure   Level
 Blink                    Tloc           0%         N/A       99%         2
 Lesser Beckoning         Tloc           0%         N/A       99%         2
 Momentum Strike          Conj/Tloc      0%         3d8       99%         2


Dungeon Overview and Level Annotations

Branches:
Dungeon (5/15)
 Temple: D:4-7

Altars:
Elyvilon
Vehumet
Yredelemnul


Innate Abilities, Weirdness & Mutations

You have a pair of horns on your head.
You reflexively headbutt those who attack you in melee.


Message History

The liquid fire burns you!
* * * LOW HITPOINT WARNING * * *
You hit the bombardier beetle.
Your headbutt misses the bombardier beetle.
The bombardier beetle is moderately wounded.
The liquid fire burns you!
* * * LOW HITPOINT WARNING * * *
You slash the bombardier beetle!
Your headbutt misses the bombardier beetle.
The bombardier beetle is almost dead.
The liquid fire burns you!
* * * LOW HITPOINT WARNING * * *
You block the black bear's attack.
The black bear claws you but does no damage.
The black bear barely misses you.
The bombardier beetle bites you but does no damage.
You hit the bombardier beetle.
You kill the bombardier beetle!
The liquid fire burns you!
* * * LOW HITPOINT WARNING * * *
The black bear completely misses you. You furiously retaliate!
You headbutt the black bear! The black bear claws you.
* * * LOW HITPOINT WARNING * * *
The black bear claws you but does no damage.
You hit the black bear. Your headbutt misses the black bear.
The black bear is severely wounded.
The liquid fire burns you!
* * * LOW HITPOINT WARNING * * *
The black bear bites you but does no damage.
You block the black bear's attack.
The black bear claws you but does no damage.
You hit the black bear but do no damage.
Your headbutt misses the black bear.
The black bear is severely wounded.
The liquid fire burns you!
* * * LOW HITPOINT WARNING * * *
The black bear bites you but does no damage.
The black bear claws you but does no damage.
The black bear claws you.
You die...

##### # #..[#
##.##########...########
(.......................
##.#..h@############....
#....#†###...... #.###
#....#...)...... #.#
##.# #.###...... #.# #.
### ..... #.# # ....
#.#. #.# #.#.. . ....
#..


You could see a black bear.

Vanquished Creatures
  An ogre (D:5)
  A bullfrog (D:3)
  A vampire bat (D:4)
  A bombardier beetle (D:5)
  An iguana (D:5)
  5 adders
  2 ufetubi (D:4)
  3 dart slugs
  3 fire bats (D:4)
  5 orcs
  2 spectral bats (D:4)
  5 ball pythons
  3 bat skeletons (D:4)
  A bat zombie (D:4)
  6 endoplasms
  3 giant cockroaches
  12 goblins
  11 hobgoblins
  11 kobolds
  5 quokkas (D:1)
  10 bats
  A bat simulacrum (D:4)
  6 frilled lizards
  3 rats
102 creatures vanquished.

Notes
Turn   | Place    | Note
-------+----------+-------------------------------------------
     0 | D:1      | Peloso the Minotaur Fighter began the quest for the Orb.
     0 | D:1      | Reached XP level 1. HP: 19/19 MP: 0/0
   102 | D:1      | Reached XP level 2. HP: 27/27 MP: 1/1
   172 | D:1      | Reached skill level 4 in Armour
   493 | D:1      | Reached XP level 3. HP: 33/33 MP: 2/2
  1277 | D:2      | Reached XP level 4. HP: 35/40 MP: 3/3
  1581 | D:2      | Identified the +5 dagger "Cocauran" {freeze, rN+ rCorr
                  | Dex+8}
  1725 | D:3      | Found a basalt altar of Yredelemnul.
  1922 | D:3      | Noticed a bullfrog
  1928 | D:3      | Killed a bullfrog
  1929 | D:3      | Reached XP level 5. HP: 42/47 MP: 4/4
  2024 | D:3      | Found a radiant altar of Vehumet.
  2579 | D:4      | Reached skill level 5 in Armour
  2845 | D:4      | Reached XP level 6. HP: 51/53 MP: 5/5
  2870 | D:4      | Reached skill level 1 in Dodging
  2876 | D:4      | Reached skill level 5 in Long Blades
  2889 | D:4      | Reached skill level 6 in Armour
  2970 | D:4      | Found a white marble altar of Elyvilon.
  3228 | D:5      | Entered Level 5 of the Dungeon
  3309 | D:5      | HP: 2/55 [burnt (3)]
  3309 | D:5      | Slain by a black bear

Illustrated notes

Levels and vault maps discovered:
D:1:      mrwooster_arrival_statue_2, layout_basic, serial_glass,
          glass_columns_b, glass_columns_c, glass_columns_a, glass_columns_b,
          glass_columns_b, glass_columns_a, nicolae_hexahallways
D:2:      layout_basic, minmay_goblin_outpost
D:3:      layout_loops_ring, mainiacjoe_overflow_catwalk, lemuel_crystal_altar,
          serial_glass, glass_columns_c, glass_columns_a, minivault_27
D:4:      layout_cave_pools, elyvilon_altar_5, goddamned_bats
D:5:      layout_basic, uniq_edmund

Skill      XL: |  1  2  3  4  5  6 |
---------------+-------------------+-----
Shields        | 4 |  4.5
Armour         | 4 5 6 |  6.5
Fighting       | 4 |  4.9
Long Blades    | 3 4 5 |  5.2
Dodging        | 1 |  1.3

Action                     |  1- 3 |  4- 6 || total
---------------------------+-------+-------++-------
  Melee: Long sword        |   116 |   115 ||   231
         Headbutt          |    13 |    17 ||    30
    Use: Potion            |     2 |     5 ||     7
         Scroll            |       |     7 ||     7
 Armour: Scale mail        |    41 |       ||    41
         Chain mail        |    24 |   130 ||   154
  Dodge: Dodged            |    48 |    76 ||   124
  Block: Buckler           |    21 |    44 ||    65
